 Dungeon Crawl Stone Soup version 0.31-a0-479-g91c9547826 (webtiles) character file.

Game seed: 17022990692890180767

1679 AIAndy the Mimic (level 9, -13/60 HPs)
             Began as an Octopode Shapeshifter on Aug 7, 2023.
             Mangled by Duvessa
             ... wielding a +0 rapier
              (17 damage)
             ... on level 6 of the Dungeon.
             The game lasted 00:20:03 (4376 turns).

AIAndy the Mimic (Octopode Shapeshifter)            Turns: 4376, Time: 00:20:04

Health: -13/60     AC:  9    Str: 23    XL:     9   Next: 2%
Magic:  9/9        EV: 10    Int: 10    God:
Gold:   255        SH:  0    Dex: 13    Spells: 6/8 levels left

rFire   . .          .
                       - Unarmed
rCold   . . .        (shield currently unavailable)
rNeg    . . .        (helmet currently unavailable)
rPois   +            (no amulet)
rElec   .            P - ring of poison resistance
rCorr   .            (no ring)
SInv    .            (no ring)
Will    .....        (no ring)
Stlth   +            (no ring)
HPRegen 0.30/turn    (no ring)
MPRegen 0.11/turn    (no ring)
                     (no ring)

%: no passive effects
@: snake-form, hasted, very quick
A: constrict, boosted hp, almost no armour, amphibious, 8 rings, large,
(camouflage 1), (gelatinous body 1), (nimble swimmer 1), (tentacles)
a: Begin Untransformation


You were on level 6 of the Dungeon.
You were an enormous anaconda.
You visited 1 branch of the dungeon, and saw 6 of its levels.
You also visited: Sewer.

You collected 291 gold pieces.
You spent 36 gold pieces at shops.


Innate Abilities, Weirdness & Mutations

You are an enormous anaconda.
You have a powerful constriction melee attack.
Your maximum health is increased.
Your armour is entirely melded.
You are incapable of wielding weapons or throwing items.
You cannot wear most types of armour.
You are amphibious.
You can wear up to eight rings at the same time.
((Your skin changes colour to match your surroundings (Stealth+).))
((Your rubbery body absorbs attacks. (AC +1, EV +1)))
((You are camouflaged when in or above water. (Stealth+)))
((You have tentacles for arms and can constrict up to eight enemies at once.))


   Skills:
 - Level 1.0 Fighting
 - Level 2.0 Dodging
 + Level 6.7 Unarmed Combat
 + Level 8.5 Shapeshifting


You had 6 spell levels left.
You knew the following spells:

 Your Spells              Type           Power      Damage    Failure   Level
I - Blink                 Tloc           0%         N/A       50%         2

Your spell library contained the following spells:

 Spells                   Type           Power      Damage    Failure   Level
 Apportation              Tloc           0%         N/A       36%         1
 Magic Dart               Conj           0%         1d3       36%         1
 Necrotise                Necr           0%         1d4       36%         1
 Summon Small Mammal      Summ           0%         N/A       36%         1
 Call Imp                 Summ           0%         N/A       50%         2
 Cigotuvi's Dreadful Rot  Necr/Pois/Air  0%         N/A       50%         2
 Lesser Beckoning         Tloc           0%         N/A       50%         2
 Momentum Strike          Conj/Tloc      0%         3d8       50%         2
 Scorch                   Fire           0%         2d5       50%         2
 Ignite Poison            Fire/Tmut/Pois 0%         N/A       75%         3
 Mephitic Cloud           Conj/Pois/Air  0%         N/A       75%         3
 Summon Guardian Golem    Hex/Summ       0%         N/A       75%         3
 Flame Wave               Conj/Fire      0%         2d4       98%         4
 Freezing Cloud           Conj/Ice/Air   0%         6-21      100%        5
 Summon Cactus Giant      Summ           0%         N/A       100%        6
 Orb of Destruction       Conj           0%         9d5       100%        7
 Spellforged Servitor     Conj/Summ      0%         N/A       100%        7

Inventory:

Hand Weapons
 s - a +2 short sword of venom
 z - a +1 short sword of draining
 B - a +3 hand axe of freezing
Missiles
 y - 20 poisoned darts
Armour
 j - an orb of wrath
Jewellery
 F - a ring of fire
 P - a ring of poison resistance (left tentacle)
Talismans
 b - a beast talisman
 d - a serpent talisman (active)
Wands
 A - a wand of flame (4)
Scrolls
 e - 3 scrolls of fear {unknown}
 f - a scroll of fog {unknown}
 i - a scroll of poison {unknown}
 l - 2 scrolls of amnesia {unknown}
 m - 3 scrolls of enchant weapon {unknown}
 n - 2 scrolls of immolation {unknown}
 o - 3 scrolls of teleportation {unknown}
 q - a scroll of noise {unknown}
 r - a scroll of vulnerability {unknown}
Potions
 a - 3 potions of lignification {!q}
 c - 2 potions of cancellation
 g - 5 potions of curing {@q1}
 h - 3 potions of brilliance
 k - 3 potions of invisibility
 p - 2 potions of enlightenment
 t - 2 potions of magic
 u - 2 potions of mutation {!q}
 v - a potion of haste {@q3}
 w - a potion of heal wounds {unknown}
 x - a potion of might {unknown}

Dungeon Overview and Level Annotations

Branches:
Dungeon (6/15)             Temple (0/1) D:6           Sewer (visited)

Altars:
Dithmenos
Trog
Wu Jian
Yredelemnul

Shops:
D:1 !   D:4 *   D:5 =

Annotations:
D:5 Ijyb
D:6 Duvessa, Sigmund

.e..# #.# #. ▒▒e....# #.# #.
.. ez ....#.# #.####. ..▒ ..
...#.########..)... ...▒▒.
..........>....... ▒..▒.▒
▒▒.##.......#####.. ▒....
▒▒..##.......# #..
▒...▒▒.e###.......#####..
...▒...▒..)S)...............
...........###.......#####.#
...........# #.......#####.#
#..#######.# #..........##.#
# #.# #######....##.# ###
#.........<..#
#####......... #.........##
####.....###


You could see Duvessa (berserk).


Message History

* * * LOW HITPOINT WARNING * * *
You lash Dowan!
You kill Dowan!
Duvessa screams, "No!
How DARE you!"
Duvessa goes berserk!
Duvessa hits you with a +0 rapier!
* * * LOW HITPOINT WARNING * * *
You have reached level 9!
Your experience leads to an increase in your attributes!
Your base attributes are Str 16, Int 10, Dex 13.
Increase (S)trength, (I)ntelligence, or (D)exterity?
You feel stronger. x2
You feel yourself speed up. Duvessa hits you with a +0 rapier.
* * * LOW HITPOINT WARNING * * *
Duvessa completely misses you.
You lash Duvessa! You grab Duvessa.
Duvessa is moderately wounded.
You constrict Duvessa, but do no damage.
Duvessa hits you but does no damage.
You lash Duvessa!
Duvessa is heavily wounded.
You constrict Duvessa. You hit Duvessa but do no damage.
Duvessa is heavily wounded.
You constrict Duvessa, but do no damage.
Duvessa hits you with a +0 rapier!
* * * LOW HITPOINT WARNING * * *
You hit Duvessa.
Duvessa is heavily wounded.
You constrict Duvessa. Duvessa hits you with a +0 rapier!
You die...

Skill      XL: |  1  2  3  4  5  6  7  8 |
---------------+-------------------------+-----
Shapeshifting  | 4 5 6 7 8 |  8.5
Unarmed Combat | 4 6 |  6.7
Fighting       | |  1.0
Dodging        | |  2.0

Action                     |  1- 3 |  4- 6 |  7- 9 || total
---------------------------+-------+-------+-------++-------
  Melee: Unarmed           |    81 |    91 |   108 ||   280
         Constrict         |    19 |    15 |    27 ||    61
    Use: Scroll            |       |     5 |     3 ||     8
         Potion            |       |       |     1 ||     1
   Stab: Sleeping          |     1 |       |     1 ||     2
 Armour: Skin              |    38 |    38 |    30 ||   106
  Dodge: Dodged            |    34 |    42 |    32 ||   108
   Form: Anaconda          |     1 |       |       ||     1

Levels and vault maps discovered:
D:1:      beargit_arrival_greenhouse, layout_rooms, serial_shops,
          nicolae_shop_back_alley_shop, minmay_3d_cube
D:2:      layout_loops_cross, dk_noncrumbling_3
D:3:      layout_loops_ring, lemuel_doored_altar, kennysheep_nondescript
D:4:      layout_cave_pools, cheibrodos_sewer_entry_drain, nicolae_shop_gadgets
D:5:      kennysheep_windowed_halls, layout_loops_cross,
          lemuel_zombie_altar_yredelemnul, serial_shops, shop, uniq_ijyb
D:6:      layout_loops_ring, mainiacjoe_overflow_brackets,
          nicolae_wu_jian_immortal_techniques, minmay_temple_entry_waves,
          lexackson_kobold_supper, uniq_sigmund, uniq_duvessa, uniq_menkaure

Notes
Turn   | Place    | Note
-------+----------+-------------------------------------------
     0 | D:1      | AIAndy the Octopode Shapeshifter began the quest for the
                  | Orb.
     0 | D:1      | Reached XP level 1. HP: 13/13 MP: 1/1
    98 | D:1      | Reached XP level 2. HP: 7/18 MP: 2/2
   206 | D:1      | Found Bunteiso's Distillery.
   210 | D:1      | Bought a potion of curing for 36 gold pieces
   287 | D:1      | Reached XP level 3. HP: 13/23 MP: 3/3
   507 | D:2      | Reached skill level 4 in Shapeshifting
   557 | D:2      | Learned a level 2 spell: Blink
  1282 | D:3      | Found a bloodstained altar of Trog.
  1561 | D:3      | Identified the +1 leather armour of the Muttering Gods
                  | {rElec Will++}
  1653 | D:4      | Reached XP level 4. HP: 15/28 MP: 4/4
  1738 | D:4      | Reached XP level 5. HP: 23/33 MP: 5/5
  1740 | D:4      | Reached skill level 5 in Shapeshifting
  1744 | D:4      | Found Upaqant's Gadget Gallery.
  1762 | D:4      | Found a glowing drain.
  1796 | Sewer    | Entered a sewer
  1852 | Sewer    | Noticed a kobold brigand
  1864 | Sewer    | Killed a kobold brigand
  1865 | Sewer    | Reached XP level 6. HP: 9/38 MP: 6/6
  1873 | Sewer    | HP: 3/31 [kobold/+0 short sword (2)]
  2060 | Sewer    | Reached skill level 6 in Shapeshifting
  2349 | D:4      | Reached XP level 7. HP: 31/43 MP: 7/7
  2689 | D:5      | Entered Level 5 of the Dungeon
  2748 | D:5      | Noticed Ijyb
  2818 | D:5      | Reached skill level 7 in Shapeshifting
  2921 | D:5      | Found Petebb's Jewellery Shoppe.
  3035 | D:5      | Reached skill level 4 in Unarmed Combat
  3343 | D:5      | Found a basalt altar of Yredelemnul.
  3482 | D:6      | Reached XP level 8. HP: 40/48 MP: 8/8
  3537 | D:6      | Noticed Sigmund
  3718 | D:6      | Noticed Menkaure
  3723 | D:6      | Killed Menkaure
  3724 | D:6      | Reached skill level 5 in Unarmed Combat
  3836 | D:6      | Found a shadowy altar of Dithmenos.
  3961 | D:6      | Found an ornate altar of the Wu Jian Council.
  4086 | D:6      | Noticed Duvessa
  4109 | D:6      | Reached skill level 8 in Shapeshifting
  4145 | D:6      | Reached skill level 6 in Unarmed Combat
  4219 | D:6      | Found a staircase to the Ecumenical Temple.
  4359 | D:6      | Noticed Dowan
  4371 | D:6      | Killed Dowan
  4372 | D:6      | Reached XP level 9. HP: 15/53 MP: 9/9
  4375 | D:6      | HP: 4/60 [Duvessa/+0 rapier (9)]
  4376 | D:6      | Mangled by Duvessa

Vanquished Creatures
  Menkaure (D:6)
  A centaur (D:6)
  2 ogres
  2 kobold brigands (Sewer)
  A phantom (D:4)
  A bullfrog (D:6)
  3 scorpions
  Dowan (D:6)
  5 wights (D:6)
  A howler monkey (D:4)
  A hound (D:5)
  A jelly (D:4)
  2 iguanas
  A scorpion zombie (D:5)
  2 sleepcaps
  6 orc wizards (D:5)
  A hound zombie (D:5)
  4 adders
  A shadow imp (D:6)
  2 white imps (D:6)
  2 worms
  2 dart slugs
  8 orcs (D:5)
  5 ball pythons
  5 bats
  5 endoplasms
  3 giant cockroaches
  6 goblins
  2 hobgoblins (D:1)
  7 jackals (D:1)
  19 kobolds
  3 quokkas
  4 frilled lizards
  12 rats
122 creatures vanquished.

Table legend: (Time is in decaauts)
 A = Elapsed time spent in this place.
 B = Non-inter-level travel time spent in this place.
 C = Inter-level travel time spent in this place.
 D = Time resting spent in this place.
 E = Time spent auto-exploring this place.
 F = Levels seen in this place.
 G = Mean time per level.
                   A        B        C        D        E       F      G
               +--------+--------+--------+--------+--------+-----+--------+
         Total |   4359 |   4206 |    153 |    147 |   2948 |   7 |  622.7 |
       Dungeon |   3850 |   3697 |    153 |     37 |   2663 |   6 |  641.7 |
         Sewer |    509 |    509 |      0 |    110 |    285 |   1 |  509.0 |
               +--------+--------+--------+--------+--------+-----+--------+

Top non-repeatable levels by time:
     D:5: 941 daAuts
     D:6: 739 daAuts
     D:3: 574 daAuts
     D:2: 560 daAuts
     D:4: 534 daAuts
   Sewer: 509 daAuts
     D:1: 499 daAuts

Table legend:
 A = Non-vault XP
 B = Vault XP
 C = Vault XP percentage of total XP
 D = Non-vault monster count
 E = Vault monster count
 F = Vault count percentage of total count
                 A         B        C        D         E       F
            +---------+---------+-------+---------+---------+-------
      Total |    1861 |     538 |  22.4 |      89 |      33 |  27.0
            +---------+---------+-------+---------+---------+-------
        D:1 |      42 |       5 |  10.6 |      23 |       2 |   8.0
        D:2 |       5 |       0 |   0.0 |       3 |       0 |   0.0
        D:3 |      18 |       0 |   0.0 |      11 |       0 |   0.0
        D:4 |     358 |       3 |   0.8 |      16 |       2 |  11.1
        D:5 |     469 |      56 |  10.7 |      21 |       2 |   8.7
        D:6 |     969 |     237 |  19.7 |      15 |       2 |  11.8
      Sewer |       0 |     237 | 100.0 |       0 |      25 | 100.0
            +---------+---------+-------+---------+---------+-------
